| TOP OF THE 1ST |
|
Huron Cubs batting - Pitching for Watertown Bucks : RHP Jose Vasquez
|
|
Pitching: RHP Jose Vasquez
|
|
|
Batting: SHB Keith Smith
|
0-0: Called Strike 0-1: Ball 1-1: Fly out, F8 (Flyball, 8RD, EV 85.0 MPH)
|
|
Batting: RHB Greg Zunino
|
0-0: Foul Ball, location: 2F 0-1: Ball 1-1: Ball 2-1: Foul Ball, location: 2F 2-2: SINGLE (Line Drive, 6MD, EV 95.0 MPH)
|
|
Batting: RHB Mark Carreon
|
0-0: Ball 1-0: Ball Wild Pitch! Greg Zunino to second 2-0: Ball 3-0: Base on Balls
|
|
Batting: RHB John Alvarez
|
0-0: Ball 1-0: Grounds into double play, 6-4-3 (Groundball, 6, EV 91.9 MPH)
|
| Top of the 1st over - 0 runs, 1 hit, 0 errors, 1 left on base; Huron 0 - Watertown 0 |
| BOTTOM OF THE 1ST |
|
Watertown Bucks batting - Pitching for Huron Cubs : RHP Roger Clemens
|
|
Pitching: RHP Roger Clemens
|
|
|
Batting: SHB Luis Rivera
|
0-0: Ball 1-0: Fly out, F7 (Flyball, 7S, EV 78.8 MPH)
|
|
Batting: RHB Robert Tanzi
|
0-0: Ball 1-0: Ball 2-0: SINGLE (Line Drive, 3D, EV 95.6 MPH)
|
|
Batting: RHB Randy Hunt
|
0-0: Ball 1-0: Called Strike 1-1: Called Strike 1-2: Ball 2-2: Ball 3-2: Fly out, F7 (Flyball, 7D, EV 96.3 MPH)
|
|
Batting: RHB Richard Plautz
|
0-0: Ground out U3 (Groundball, 3L, EV 86.3 MPH)
|
| Bottom of the 1st over - 0 runs, 1 hit, 0 errors, 1 left on base; Huron 0 - Watertown 0 |
| TOP OF THE 2ND |
|
Huron Cubs batting - Pitching for Watertown Bucks : RHP Jose Vasquez
|
|
Batting: LHB Willis Gonzalez
|
0-0: Foul Ball, location: 2F 0-1: Ball 1-1: SOLO HOME RUN (Flyball, 9D, EV 99.4 MPH), Distance : 367 ft
|
|
Batting: RHB Mike Stellern
|
0-0: Fly out, F7 (Line Drive, 7, EV 88.1 MPH)
|
|
Batting: RHB Ray Ortega
|
0-0: Called Strike 0-1: Swinging Strike 0-2: Ball 1-2: Foul Ball, location: 2F 1-2: Strikes out swinging
|
|
Batting: RHB Scot Holliday
|
0-0: Swinging Strike 0-1: Ball 1-1: Ball 2-1: Foul Ball, location: 2F 2-2: Strikes out swinging
|
| Top of the 2nd over - 1 run, 1 hit, 0 errors, 0 left on base; Huron 1 - Watertown 0 |
| BOTTOM OF THE 2ND |
|
Watertown Bucks batting - Pitching for Huron Cubs : RHP Roger Clemens
|
|
Batting: LHB Greg Guin
|
0-0: SINGLE (Flyball, 34D, EV 95.6 MPH)
|
|
Batting: RHB Eugene Cattane
|
0-0: Fly out, F4 (Flyball, 34D, EV 87.5 MPH)
|
|
Batting: LHB Manuel Vigil
|
0-0: Called Strike 0-1: Ball 1-1: Ball 2-1: Fly out, F8 (Line Drive, 8RM, EV 91.3 MPH)
|
|
Batting: SHB Bruce Hines
|
0-0: Called Strike 0-1: Called Strike 0-2: Fly out, F6 (Popup, 6MD, EV 67.5 MPH)
|
| Bottom of the 2nd over - 0 runs, 1 hit, 0 errors, 1 left on base; Huron 1 - Watertown 0 |
| TOP OF THE 3RD |
|
Huron Cubs batting - Pitching for Watertown Bucks : RHP Jose Vasquez
|
|
Batting: SHB Chris Pittaro
|
0-0: Fly out, F7 (Flyball, 78D, EV 92.5 MPH)
|
|
Batting: SHB Keith Smith
|
0-0: Ball 1-0: Fly out, F5 (Popup, 5SF, EV 78.8 MPH)
|
|
Batting: RHB Greg Zunino
|
0-0: Ball 1-0: Ball 2-0: Ball 3-0: Called Strike 3-1: Called Strike 3-2: Single, Error in OF, E9, batter to second base (Groundball, 34D, EV 95.6 MPH)
|
|
Batting: RHB Mark Carreon
|
0-0: Ball 1-0: Foul Ball, location: 2F 1-1: Swinging Strike 1-2: Strikes out looking
|
| Top of the 3rd over - 0 runs, 1 hit, 1 error, 1 left on base; Huron 1 - Watertown 0 |
| BOTTOM OF THE 3RD |
|
Watertown Bucks batting - Pitching for Huron Cubs : RHP Roger Clemens
|
|
Batting: RHB Thomas Dimino
|
0-0: Called Strike 0-1: SINGLE (Groundball, 4D, EV 98.8 MPH)
|
|
Batting: SHB Luis Rivera
|
0-0: Ball 1-0: Called Strike 1-1: Swinging Strike 1-2: Fly out, F8 (Flyball, 8LD, EV 92.5 MPH)
|
|
Batting: RHB Robert Tanzi
|
0-0: Ball 1-0: Ball 2-0: Foul Ball, location: 2F 2-1: Swinging Strike 2-2: Fly out, F8 (Flyball, 8RD, EV 91.9 MPH)
|
|
Batting: RHB Randy Hunt
|
0-0: Called Strike 0-1: Foul Ball, location: 2F 0-2: Ground out 4-3 (Groundball, 34, EV 87.5 MPH)
|
| Bottom of the 3rd over - 0 runs, 1 hit, 0 errors, 1 left on base; Huron 1 - Watertown 0 |
| TOP OF THE 4TH |
|
Huron Cubs batting - Pitching for Watertown Bucks : RHP Jose Vasquez
|
|
Batting: RHB John Alvarez
|
0-0: Called Strike 0-1: Ball 1-1: Ground out 5-3 (Groundball, 25, EV 84.4 MPH)
|
|
Batting: LHB Willis Gonzalez
|
0-0: SOLO HOME RUN (Flyball, 9LD, EV 101.9 MPH), Distance : 343 ft
|
|
Batting: RHB Mike Stellern
|
0-0: Ball 1-0: Fly out, F9 (Flyball, 9D, EV 104.4 MPH)
|
|
Batting: RHB Ray Ortega
|
0-0: Ball 1-0: Called Strike 1-1: Foul Ball, location: 2F 1-2: Ball 2-2: Strikes out swinging
|
| Top of the 4th over - 1 run, 1 hit, 0 errors, 0 left on base; Huron 2 - Watertown 0 |
| BOTTOM OF THE 4TH |
|
Watertown Bucks batting - Pitching for Huron Cubs : RHP Roger Clemens
|
|
Batting: RHB Richard Plautz
|
0-0: Called Strike 0-1: Fly out, F7 (Flyball, 7S, EV 86.9 MPH)
|
|
Batting: LHB Greg Guin
|
0-0: Fly out, F7 (Line Drive, 7, EV 97.5 MPH)
|
|
Batting: RHB Eugene Cattane
|
0-0: Ball 1-0: Swinging Strike 1-1: Swinging Strike 1-2: Fly out, F8 (Flyball, 78D, EV 105.0 MPH)
|
| Bottom of the 4th over - 0 runs, 0 hits, 0 errors, 0 left on base; Huron 2 - Watertown 0 |
| TOP OF THE 5TH |
|
Huron Cubs batting - Pitching for Watertown Bucks : RHP Jose Vasquez
|
|
Batting: RHB Scot Holliday
|
0-0: Fly out, F9 (Line Drive, 9, EV 86.3 MPH)
|
|
Batting: SHB Chris Pittaro
|
0-0: Ball 1-0: Fly out, F3 (Popup, 3F, EV 80.0 MPH)
|
|
Batting: SHB Keith Smith
|
0-0: Fly out, F8 (Flyball, 8LD, EV 104.4 MPH)
|
| Top of the 5th over - 0 runs, 0 hits, 0 errors, 0 left on base; Huron 2 - Watertown 0 |
| BOTTOM OF THE 5TH |
|
Watertown Bucks batting - Pitching for Huron Cubs : RHP Roger Clemens
|
|
Batting: LHB Manuel Vigil
|
0-0: Called Strike 0-1: Ball 1-1: Swinging Strike 1-2: Strikes out looking
|
|
Batting: SHB Bruce Hines
|
0-0: Foul Ball, location: 2F 0-1: Called Strike 0-2: Ball 1-2: Strikes out looking
|
|
Batting: RHB Thomas Dimino
|
0-0: Called Strike 0-1: Ball 1-1: Foul Ball, location: 2F 1-2: Foul Ball, location: 2F 1-2: Strikes out swinging
|
| Bottom of the 5th over - 0 runs, 0 hits, 0 errors, 0 left on base; Huron 2 - Watertown 0 |
| TOP OF THE 6TH |
|
Huron Cubs batting - Pitching for Watertown Bucks : RHP Jose Vasquez
|
|
Batting: RHB Greg Zunino
|
0-0: Ground out 5-3 (Groundball, 56S, EV 85.6 MPH)
|
|
Batting: RHB Mark Carreon
|
0-0: Ball 1-0: Ground out 4-3 (Groundball, 4, EV 96.3 MPH)
|
|
Batting: RHB John Alvarez
|
0-0: Ball 1-0: Ball 2-0: Foul Ball, location: 2F 2-1: Ball 3-1: Fly out, F4 (Popup, 3DF, EV 50.0 MPH)
|
| Top of the 6th over - 0 runs, 0 hits, 0 errors, 0 left on base; Huron 2 - Watertown 0 |
| BOTTOM OF THE 6TH |
|
Watertown Bucks batting - Pitching for Huron Cubs : RHP Roger Clemens
|
|
Batting: SHB Luis Rivera
|
0-0: Ball 1-0: Ball 2-0: Swinging Strike 2-1: Swinging Strike 2-2: Foul Ball, location: 2F 2-2: Strikes out looking
|
|
Batting: RHB Robert Tanzi
|
0-0: Called Strike 0-1: SINGLE (Line Drive, 89M, EV 100.6 MPH)
|
|
Batting: RHB Randy Hunt
|
0-0: Ball 1-0: Foul Ball, location: 2F 1-1: Ball 2-1: Called Strike 2-2: Strikes out swinging
|
|
Batting: RHB Richard Plautz
|
0-0: Foul Ball, location: 2F 0-1: Swinging Strike 0-2: Ball 1-2: Strikes out swinging
|
| Bottom of the 6th over - 0 runs, 1 hit, 0 errors, 1 left on base; Huron 2 - Watertown 0 |
| TOP OF THE 7TH |
|
Huron Cubs batting - Pitching for Watertown Bucks : RHP Jose Vasquez
|
|
Pitching: LHP Kenneth Likewise
|
|
|
Batting: LHB Willis Gonzalez
|
0-0: Foul Ball, location: 2F 0-1: Foul Ball, location: 2F 0-2: Strikes out swinging
|
|
Batting: RHB Mike Stellern
|
0-0: Ball 1-0: Swinging Strike 1-1: Foul Ball, location: 2F 1-2: Fly out, F9 (Flyball, 89D, EV 103.1 MPH)
|
|
Batting: RHB Ray Ortega
|
0-0: Called Strike 0-1: Ball 1-1: Ball 2-1: Foul Ball, location: 2F 2-2: Fly out, F9 (Flyball, 9LS, EV 91.3 MPH)
|
| Top of the 7th over - 0 runs, 0 hits, 0 errors, 0 left on base; Huron 2 - Watertown 0 |
| BOTTOM OF THE 7TH |
|
Watertown Bucks batting - Pitching for Huron Cubs : RHP Roger Clemens
|
|
Batting: LHB Greg Guin
|
0-0: Foul Ball, location: 2F 0-1: Foul Ball, location: 2F 0-2: Foul Ball, location: 2F 0-2: Ball 1-2: Fly out, F7 (Flyball, 78S, EV 90.6 MPH)
|
|
Batting: RHB Eugene Cattane
|
0-0: Called Strike 0-1: SOLO HOME RUN (Flyball, 7D, EV 98.8 MPH), Distance : 354 ft
|
|
Batting: LHB Manuel Vigil
|
0-0: Foul Ball, location: 2F 0-1: Ball 1-1: Called Strike 1-2: Ball 2-2: Foul Ball, location: 2F 2-2: Ball 3-2: Foul Ball, location: 2F 3-2: Strikes out swinging
|
|
Batting: SHB Bruce Hines
|
0-0: Ball 1-0: Fly out, F9 (Flyball, 9LM, EV 85.0 MPH)
|
| Bottom of the 7th over - 1 run, 1 hit, 0 errors, 0 left on base; Huron 2 - Watertown 1 |
| TOP OF THE 8TH |
|
Huron Cubs batting - Pitching for Watertown Bucks : LHP Kenneth Likewise
|
|
Batting: RHB Scot Holliday
|
0-0: Called Strike 0-1: Ball 1-1: Foul Ball, location: 2F 1-2: Strikes out swinging
|
|
Batting: SHB Chris Pittaro
|
0-0: Ball 1-0: Foul Ball, location: 2F 1-1: Ball 2-1: SINGLE (Groundball, 6D, EV 98.8 MPH)
|
|
Batting: SHB Keith Smith
|
0-0: Fly out, F9 (Flyball, 9, EV 82.5 MPH)
|
|
Batting: RHB Greg Zunino
|
Pickoff Throw to First - Error! E1 Chris Pittaro to second 0-0: Foul Ball, location: 2F 0-1: Ball 1-1: Called Strike 1-2: DOUBLE (Line Drive, 8RXD, EV 104.4 MPH) Chris Pittaro scores
|
|
Batting: RHB Mark Carreon
|
0-0: Intentional Walk
|
|
Pitching: RHP Michael Beecroft
|
|
|
Batting: RHB John Alvarez
|
0-0: Fly out, F8 (Flyball, 8RS, EV 89.4 MPH)
|
| Top of the 8th over - 1 run, 2 hits, 1 error, 2 left on base; Huron 3 - Watertown 1 |
| BOTTOM OF THE 8TH |
|
Watertown Bucks batting - Pitching for Huron Cubs : RHP Roger Clemens
|
|
Batting: RHB Thomas Dimino
|
0-0: Ball 1-0: Ground out 3-1 (Groundball, 34, EV 101.9 MPH)
|
|
Batting: SHB Luis Rivera
|
0-0: Ball 1-0: SINGLE (Groundball, 34D, EV 106.9 MPH)
|
|
Batting: RHB Robert Tanzi
|
0-0: Ball 1-0: Ball 2-0: Called Strike 2-1: Ball 3-1: DOUBLE (Groundball, 5L, EV 107.5 MPH) Luis Rivera to third Runner from 3rd tries for Home, SAFE, throw by LF to home
|
|
Batting: RHB Randy Hunt
|
0-0: Ball 1-0: SINGLE (Groundball, 6MD, EV 103.8 MPH) Robert Tanzi to third Runner from 3rd tries for Home, SAFE, throw by CF to home
|
|
Batting: RHB Richard Plautz
|
0-0: Fly out, F8 (Line Drive, 8RM, EV 104.4 MPH)
|
|
Batting: LHB Greg Guin
|
0-0: Foul Ball, location: 2F 0-1: Called Strike 0-2: Strikes out swinging
|
| Bottom of the 8th over - 2 runs, 3 hits, 0 errors, 1 left on base; Huron 3 - Watertown 3 |
| TOP OF THE 9TH |
|
Huron Cubs batting - Pitching for Watertown Bucks : RHP Michael Beecroft
|
|
Pitching: RHP Randy Graham
|
|
|
Batting: LHB Willis Gonzalez
|
0-0: Called Strike 0-1: Foul Ball, location: 2F 0-2: Foul Ball, location: 2F 0-2: Ground out 1-3 (Groundball, 15S, EV 74.4 MPH)
|
|
Batting: RHB Mike Stellern
|
0-0: Called Strike 0-1: Swinging Strike 0-2: Ball 1-2: Foul Ball, location: 2F 1-2: Strikes out swinging
|
|
Pinch Hitting: LHB Thomas Copeland
|
0-0: Ball 1-0: Called Strike 1-1: Ball 2-1: Ground out 6-3 (Groundball, 6, EV 105.6 MPH)
|
| Top of the 9th over - 0 runs, 0 hits, 0 errors, 0 left on base; Huron 3 - Watertown 3 |
| BOTTOM OF THE 9TH |
|
Watertown Bucks batting - Pitching for Huron Cubs : RHP Roger Clemens
|
|
Now at C: Phillip Wilson
|
|
|
Pinch Hitting: LHB Bryan Neal
|
0-0: Called Strike 0-1: Swinging Strike 0-2: Strikes out swinging
|
|
Batting: LHB Manuel Vigil
|
0-0: Called Strike 0-1: Ground out 6-3 (Groundball, 6M, EV 87.5 MPH)
|
|
Batting: SHB Bruce Hines
|
0-0: Called Strike 0-1: Fly out, F8 (Flyball, 78D, EV 103.1 MPH)
|
| Bottom of the 9th over - 0 runs, 0 hits, 0 errors, 0 left on base; Huron 3 - Watertown 3 |
| TOP OF THE 10TH |
|
Huron Cubs batting - Pitching for Watertown Bucks : RHP Randy Graham
|
|
Now in LF: Bryan Neal
|
|
|
Pinch Hitting: LHB Rob Nelson
|
0-0: Ball 1-0: Swinging Strike 1-1: Ball 2-1: Fly out, F8 (Line Drive, 8LM, EV 87.5 MPH)
|
|
Batting: SHB Chris Pittaro
|
0-0: Ball 1-0: Called Strike 1-1: Fly out, F8 (Flyball, 8LD, EV 99.4 MPH)
|
|
Pinch Hitting: RHB Tony Johnson
|
0-0: Foul Ball, location: 2F 0-1: Fly out, F7 (Flyball, 7LM, EV 85.0 MPH)
|
| Top of the 10th over - 0 runs, 0 hits, 0 errors, 0 left on base; Huron 3 - Watertown 3 |
| BOTTOM OF THE 10TH |
|
Watertown Bucks batting - Pitching for Huron Cubs : RHP Roger Clemens
|
|
Pitching: LHP Jose Soto
|
|
|
Now at 1B: Rob Nelson
|
|
|
Now at 2B: Sean Toerner
|
|
|
Pinch Hitting: RHB Sebastiano Borriello
|
0-0: Called Strike 0-1: Ball 1-1: Swinging Strike 1-2: Strikes out swinging
|
|
Pinch Hitting: RHB Gregory Dikos
|
0-0: Called Strike 0-1: Foul Ball, location: 2F 0-2: Foul Ball, location: 2F 0-2: Ball 1-2: Ball 2-2: Fly out, F9 (Flyball, 89D, EV 110.0 MPH)
|
|
Batting: RHB Robert Tanzi
|
0-0: Called Strike 0-1: Foul Ball, location: 2F 0-2: Strikes out swinging
|
| Bottom of the 10th over - 0 runs, 0 hits, 0 errors, 0 left on base; Huron 3 - Watertown 3 |
| TOP OF THE 11TH |
|
Huron Cubs batting - Pitching for Watertown Bucks : RHP Randy Graham
|
|
Now at 2B: Gregory Dikos
|
|
|
Now at SS: Marvin Clack
|
|
|
Batting: RHB Greg Zunino
|
0-0: Ball 1-0: Ball 2-0: Fly out, F4 (Line Drive, 4, EV 72.5 MPH)
|
|
Batting: RHB Mark Carreon
|
0-0: Ground out U3 (Groundball, 23, EV 83.1 MPH)
|
|
Batting: RHB John Alvarez
|
0-0: Called Strike 0-1: Ground out 5-3 (Groundball, 25, EV 87.5 MPH)
|
| Top of the 11th over - 0 runs, 0 hits, 0 errors, 0 left on base; Huron 3 - Watertown 3 |
| BOTTOM OF THE 11TH |
|
Watertown Bucks batting - Pitching for Huron Cubs : LHP Jose Soto
|
|
Batting: RHB Randy Hunt
|
0-0: Ball 1-0: Ball 2-0: Called Strike 2-1: Ground out 4-3 (Groundball, 4S, EV 65.6 MPH)
|
|
Batting: RHB Richard Plautz
|
0-0: Ball 1-0: Ball 2-0: Called Strike 2-1: Ground out 4-3 (Groundball, 4, EV 92.5 MPH)
|
|
Batting: LHB Greg Guin
|
0-0: Ball 1-0: Called Strike 1-1: Ball 2-1: Ball 3-1: SINGLE (Flyball, 4D, EV 92.5 MPH)
|
|
Batting: LHB Bryan Neal
|
0-0: Swinging Strike 0-1: Swinging Strike 0-2: Ball 1-2: Ball 2-2: Foul Ball, location: 2F 2-2: Strikes out swinging
|
| Bottom of the 11th over - 0 runs, 1 hit, 0 errors, 1 left on base; Huron 3 - Watertown 3 |
| TOP OF THE 12TH |
|
Huron Cubs batting - Pitching for Watertown Bucks : RHP Randy Graham
|
|
Batting: LHB Willis Gonzalez
|
0-0: Called Strike 0-1: Swinging Strike 0-2: Strikes out looking
|
|
Batting: RHB Mike Stellern
|
0-0: SINGLE (Line Drive, 78S, EV 110.0 MPH)
|
|
Batting: RHB Phillip Wilson
|
0-0: Ball Mike Stellern steals 2nd base 1-0: Foul Ball, location: 2F 1-1: Foul Ball, location: 2F 1-2: Strikes out swinging
|
|
Batting: LHB Rob Nelson
|
0-0: Intentional Walk
|
|
Batting: SHB Chris Pittaro
|
0-0: Ball 1-0: Swinging Strike 1-1: Fly out, F8 (Flyball, 78M, EV 90.6 MPH)
|
| Top of the 12th over - 0 runs, 1 hit, 0 errors, 2 left on base; Huron 3 - Watertown 3 |
| BOTTOM OF THE 12TH |
|
Watertown Bucks batting - Pitching for Huron Cubs : LHP Jose Soto
|
|
Batting: LHB Manuel Vigil
|
0-0: Ball 1-0: Ball 2-0: Ball 3-0: Called Strike 3-1: Called Strike 3-2: Strikes out looking
|
|
Batting: SHB Bruce Hines
|
0-0: Called Strike 0-1: Ball 1-1: Foul Ball, location: 2F 1-2: DOUBLE (Line Drive, 9LM, EV 93.8 MPH)
|
|
Batting: SHB Marvin Clack
|
0-0: Called Strike 0-1: Ball 1-1: Swinging Strike 1-2: Strikes out swinging
|
|
Batting: RHB Gregory Dikos
|
0-0: Called Strike 0-1: Ground out U3 (Groundball, 34S, EV 67.5 MPH)
|
| Bottom of the 12th over - 0 runs, 1 hit, 0 errors, 1 left on base; Huron 3 - Watertown 3 |
| TOP OF THE 13TH |
|
Huron Cubs batting - Pitching for Watertown Bucks : RHP Randy Graham
|
|
Pitching: RHP Francis McQuade
|
|
|
Batting: RHB Sean Toerner
|
0-0: Ball 1-0: Called Strike 1-1: Ball 2-1: Swinging Strike 2-2: Foul Ball, location: 2F 2-2: Ball 3-2: Foul Ball, location: 2F 3-2: Foul Ball, location: 2F 3-2: Foul Ball, location: 2F 3-2: Foul Ball, location: 2F 3-2: Ground out 1-3 (Groundball, 13S, EV 66.9 MPH)
|
|
Batting: RHB Greg Zunino
|
0-0: Foul Ball, location: 2F 0-1: Foul Ball, location: 2F 0-2: Ball 1-2: Ball 2-2: Foul Ball, location: 2F 2-2: Ball 3-2: Ground out 6-3 (Groundball, 6, EV 89.4 MPH)
|
|
Batting: RHB Mark Carreon
|
0-0: Ball 1-0: DOUBLE (Flyball, 78XD, EV 105.6 MPH)
|
|
Batting: RHB John Alvarez
|
0-0: Ball Passed Ball! Mark Carreon to third 1-0: Foul Ball, location: 2F 1-1: Fly out, F8 (Flyball, 8LM, EV 88.1 MPH)
|
| Top of the 13th over - 0 runs, 1 hit, 0 errors, 1 left on base; Huron 3 - Watertown 3 |
| BOTTOM OF THE 13TH |
|
Watertown Bucks batting - Pitching for Huron Cubs : LHP Jose Soto
|
|
Batting: RHB Robert Tanzi
|
0-0: SINGLE (Popup, 4MD, EV 61.3 MPH)
|
|
Batting: RHB Randy Hunt
|
0-0: Ball 1-0: Called Strike 1-1: Ball 2-1: Ball 3-1: Called Strike 3-2: Ground out 6-3 (Groundball, 6, EV 90.0 MPH) Robert Tanzi to second
|
|
Batting: RHB Richard Plautz
|
0-0: Intentional Walk
|
|
Pitching: RHP Alex Samano
|
|
|
Batting: LHB Greg Guin
|
0-0: SINGLE (Flyball, 34D, EV 83.8 MPH) Robert Tanzi to third Richard Plautz to second
|
|
Batting: LHB Bryan Neal
|
0-0: Ball 1-0: Called Strike 1-1: Swinging Strike 1-2: Ball 2-2: SINGLE (Groundball, 4MD, EV 100.0 MPH) Robert Tanzi scores
|
| Bottom of the 13th over - 1 run, 3 hits, 0 errors, 0 left on base; Huron 3 - Watertown 4 |
|